 Dungeon Crawl Stone Soup version 0.31.0-11-ge490571c62 (webtiles) character file.

Game seed: 10939763528623053148

7 Esekla the Grasshopper (level 1, 0/10 HPs)
             Began as a Spriggan Warper on Feb 3, 2024.
             Slain by a frilled lizard (1 damage)
             ... on level 1 of the Dungeon.
             The game lasted 00:01:23 (227 turns).

Esekla the Grasshopper (Spriggan Warper)             Turns: 227, Time: 00:01:24

Health: 0/10       AC:  2    Str:  7    XL:     1   Next: 83%
Magic:  5/5        EV: 17    Int: 14    God:
Gold:   9          SH:  0    Dex: 14    Spells: 6/6 levels left

rFire   . . .        h - +0 dagger
rCold   . . .        (no shield)
rNeg    . . .        b - +0 robe
rPois   .            (helmet restricted)
rElec   .            (no cloak)
rCorr   .            (gloves unavailable)
SInv    +            (boots unavailable)
Will    .....        (no amulet)
Stlth   +            (no ring)
HPRegen 0.21/turn    (no ring)
MPRegen 0.09/turn

%: no passive effects
@: very quick
A: very small, no large weapons, unfitting armour, see invisible, speed 3
a: no special abilities


You were on level 1 of the Dungeon.
You visited 1 branch of the dungeon, and saw 1 of its levels.

You collected 9 gold pieces.

Inventory:

Hand Weapons
 h - a +0 dagger (weapon)
Missiles
 d - 6 boomerangs (quivered)
 e - 5 poisoned darts
Armour
 b - a +0 robe (worn)
Scrolls
 c - a scroll of blinking
 f - 2 scrolls of identify {unknown}
Potions
 g - a potion of enlightenment {unknown}


   Skills:
 + Level 1.5 Fighting
 + Level 2.3 Short Blades
 + Level 1.0 Throwing
 * Level 3.5 Dodging
 * Level 3.0 Spellcasting
 + Level 4.4 Translocations


You had 6 spell levels left.
You didn't know any spells.
Your spell library contained the following spells:

 Spells                   Type           Power      Damage    Failure   Level
 Blink                    Tloc           28%        N/A       5%          2
 Lesser Beckoning         Tloc           28%        N/A       5%          2
 Teleport Other           Tloc           14%        N/A       11%         3
 Manifold Assault         Tloc           14%        N/A       34%         4
 Vhi's Electric Charge    Tloc/Air       16%        N/A       65%         4


Dungeon Overview and Level Annotations

Branches:
Dungeon (1/15)

Altars:


Innate Abilities, Weirdness & Mutations

You are very small and have problems with some larger weapons.
You are too small for most types of armour.
You have supernaturally acute eyesight. (SInv)
You cover ground extremely quickly. (Speed+++)


Message History

You kill the kobold!
You start resting.
HP restored.
A goblin comes into view. It is wielding a +0 club.
Found a scroll labelled BUEWUBO CUNK.
The goblin shouts!
You barely miss the goblin. You hit the goblin.
The goblin is moderately wounded.
The goblin completely misses you.
You barely miss the goblin. The goblin completely misses you.
You hit the goblin but do no damage. The goblin misses you.
You closely miss the goblin. The goblin hits you with a +0 club.
You closely miss the goblin. Your punch misses the goblin.
The goblin hits you with a +0 club.
You closely miss the goblin. The goblin hits you with a +0 club.
* * * LOW HITPOINT WARNING * * *
You hit the goblin.
The goblin is severely wounded.
The goblin misses you.
You barely miss the goblin.
The goblin is severely wounded.
You closely miss the goblin.
The goblin is severely wounded.
The goblin misses you.
You closely miss the goblin.
The goblin is severely wounded.
The goblin misses you.
You hit the goblin.
You kill the goblin!
Things that are here:
a +0 club; a goblin corpse A frilled lizard comes into view.
The frilled lizard unfolds its giant frill.
You see here a scroll labelled BUEWUBO CUNK.
f - 2 scrolls labelled BUEWUBO CUNK (gained 1)
The frilled lizard bites you.
* * * LOW HITPOINT WARNING * * *
You hit the frilled lizard but do no damage.
The frilled lizard bites you.
You die...

♣..... ♣.....
♣P.... ♣<♣...
♣♣♣♣.. #### ♣.P ##
####..####### ###
###..##...........#
#.#
#.....@......####.#
... #.#.###l####.#
#.# #.# #.# #)# #.#
#.# #.# #.# #.# #.#
#.# ... #.###.# #.#
#...# #...#.# #.#
#...# ###.#.. #.#
##.## #.#.# #.#
#.#.#


You could see a frilled lizard.

Vanquished Creatures
  A giant cockroach (D:1)
  2 goblins (D:1)
  A hobgoblin (D:1)
  A kobold (D:1)
5 creatures vanquished.

Notes
Turn   | Place    | Note
-------+----------+-------------------------------------------
     0 | D:1      | Esekla the Spriggan Warper began the quest for the Orb.
     0 | D:1      | Reached XP level 1. HP: 10/10 MP: 5/5
   227 | D:1      | Slain by a frilled lizard

Illustrated notes

Levels and vault maps discovered:
D:1:      kennysheep_arrival_seaside, layout_loops_ring,
          hellmonk_ecumenical_altar_run_dry, chequers_decorated_corner

Skill      XL: |  1 |
---------------+----+-----
Spellcasting   | 3 |  3.0
Fighting       | |  1.5
Short Blades   | |  2.3
Throwing       | |  1.0
Dodging        | |  3.5
Translocations | |  4.4

Action                     || total
---------------------------++-------
  Melee: Dagger            ||    17
         Short sword       ||    17
 Armour: Robe              ||     9
  Dodge: Dodged            ||    19
